 Dungeon Crawl Stone Soup version 0.30-a0-385-gfebfb9b408 (webtiles) character file.

Game seed: 248439756660484113

48 tio the Grave Robber (level 3, -2/24 HPs)
             Began as a Demonspawn Necromancer on Dec 2, 2022.
             Slain by a gnoll
             ... wielding a +0 spear
              (5 damage)
             ... on level 2 of the Dungeon.
             The game lasted 00:05:19 (1387 turns).

tio the Grave Robber (Demonspawn Necromancer)       Turns: 1387, Time: 00:05:19

Health: -2/24      AC:  2    Str:  8    XL:     3   Next: 50%
Magic:  3/7        EV: 14    Int: 18    God:
Gold:   63         SH:  4    Dex: 13    Spells: 6/7 levels left

rFire   . . .      SeeInvis .    d - +2 dagger (drain)
rCold   . . .      Faith    .    (no shield)
rNeg    . . .      Spirit   .    a - +0 robe
rPois   .          Reflect  .    (no helmet)
rElec   .          Harm     .    (no cloak)
rCorr   .          Rampage  .    (no gloves)
Will    .....                    (no boots)
Stlth   ++........               (no amulet)
HPRegen 0.24/turn                (no ring)
MPRegen 0.10/turn                (no ring)

@: no status effects
A: repulsion field 1, condensation shield
a: no special abilities


You were on level 2 of the Dungeon.
You visited 1 branch of the dungeon, and saw 2 of its levels.

You collected 63 gold pieces.

Inventory:

Hand Weapons
 d - a +2 dagger of draining (weapon)
 h - a +1 vorpal hand axe
Missiles
 i - 3 curare-tipped darts
Armour
 a - a +0 robe (worn)
Scrolls
 c - a scroll of butterflies {unknown}
 e - 2 scrolls of enchant weapon {unknown}
 f - a scroll of noise {unknown}
 g - a scroll of silence {unknown}
 j - a scroll of poison {unknown}
 k - a scroll of magic mapping {unknown}
 m - a scroll of immolation {unknown}
Potions
 b - a potion of magic
 l - a potion of invisibility {unknown}


   Skills:
 + Level 1.8 Dodging
 + Level 2.0 Stealth
 + Level 2.7 Spellcasting
 + Level 5.1 Necromancy


You had 6 spell levels left.
You knew the following spells:

 Your Spells              Type           Power      Damage    Failure   Level
a - Necrotise             Necr           84%        1d8       1%          1

Your spell library contained the following spells:

 Spells                   Type           Power      Damage    Failure   Level
 Vampiric Draining        Necr           21%        2d7       6%          3
 Animate Dead             Necr           21%        N/A       21%         4
 Agony                    Necr           21%        N/A       50%         5


Dungeon Overview and Level Annotations

Branches:
Dungeon (2/15)

Altars:


Innate Abilities, Weirdness & Mutations

You are surrounded by a mild repulsion field. (EV +2)
A meltable shield of frost defends you. (SH +4)


Message History

A gnoll comes into view. It is wielding a +0 flail.
Your adder skeleton barely misses the gnoll.
The gnoll hits you from afar with a +0 spear.
Really fire in your adder skeleton's direction?
Okay, then.
Your adder skeleton crumbles into dust!
The gnoll closely misses you.
The gnoll writhes in agony.
You block the gnoll's attack. The gnoll hits you with a +0 spear.
A gnoll comes into view. It is wielding a +0 spear.
The gnoll writhes in agony.
You kill the gnoll!
The dead are walking!
The gnoll hits you from afar with a +0 spear.
The endoplasm freezes you.
You are frozen.
* * * LOW HITPOINT WARNING * * *
The gnoll hits your gnoll skeleton with a +0 flail!
The gnoll barely misses you. The endoplasm attacks as you move away!
The endoplasm barely misses you. You block the gnoll's attack.
The gnoll closely misses you.
The gnoll hits you from afar with a +0 spear.
* * * LOW HITPOINT WARNING * * *
Your gnoll skeleton closely misses the gnoll.
The endoplasm attacks as you move away! You block the endoplasm's attack.
The gnoll closely misses you. The gnoll misses you.
The endoplasm attacks as you move away! The endoplasm closely misses you.
Your gnoll skeleton hits the gnoll.
The endoplasm attacks as you move away! The endoplasm misses you.
The gnoll hits you from afar with a +0 spear.
* * * LOW HITPOINT WARNING * * *
The endoplasm attacks as you move away! The endoplasm closely misses you.
Your gnoll skeleton hits the gnoll but does no damage.
The endoplasm attacks as you move away! You block the endoplasm's attack.
Something hits your gnoll skeleton!
Your gnoll skeleton is destroyed!
The endoplasm attacks as you move away! The endoplasm misses you.
The gnoll hits you from afar with a +0 spear.
You die...

######.#.#.... #........#...
##### #.####.###.) #...# #.#
#.##.. ## #..^# #.# #.#.. .#
#...# #.#.##.#.# .# #...#
#.#....#.######## .####...#
#.#####..##.....#####
........###.....@J.g..........#
.####....####.....g.#.........#
......##.###........#..g......#
#.....##..#..#......#.........#
#.....###.#.#########.........#
#.....# #...# ######.).....
......# #>### #.......
......###.# #.......
..........# ##....!.


You could see 2 gnolls and an endoplasm.

Vanquished Creatures
  A gnoll (D:2)
  2 adders (D:2)
  2 endoplasms
  2 giant cockroaches
  5 goblins (D:1)
  2 hobgoblins (D:1)
  A ball python (D:1)
  2 bats (D:1)
  A kobold (D:1)
  2 rats (D:1)
20 creatures vanquished.

Vanquished Creatures (collateral kills)
  A rat (D:1)
1 creature vanquished.

Grand Total: 21 creatures vanquished

Notes
Turn   | Place    | Note
-------+----------+-------------------------------------------
     0 | D:1      | tio the Demonspawn Necromancer began the quest for the Orb.
     0 | D:1      | Reached XP level 1. HP: 13/13 MP: 3/3
   443 | D:1      | Gained mutation: A meltable shield of frost defends you.
                  | (SH +4) [demonic ancestry]
   443 | D:1      | Reached XP level 2. HP: 10/19 MP: 0/5
  1245 | D:2      | Reached skill level 5 in Necromancy
  1296 | D:2      | Gained mutation: You are surrounded by a mild repulsion
                  | field. (EV +2) [demonic ancestry]
  1296 | D:2      | Reached XP level 3. HP: 24/24 MP: 4/6
  1387 | D:2      | Slain by a gnoll

Illustrated notes

Levels and vault maps discovered:
D:1:      onia_arrival_pyramid, layout_basic
D:2:      layout_basic

Skill      XL: |  1  2 |
---------------+-------+-----
Stealth        | 2 |  2.0
Necromancy     | 5 |  5.1
Dodging        | |  1.8
Spellcasting   | |  2.7

Action                   || total
-------------------------++-------
Melee: Dagger            ||     5
 Cast: Necrotise         ||    37
Armor: Ring mail         ||     3
Dodge: Dodged            ||    17
Block: Other             ||     4

Table legend: (Time is in decaauts)
 A = Elapsed time spent in this place.
 B = Non-inter-level travel time spent in this place.
 C = Inter-level travel time spent in this place.
 D = Time resting spent in this place.
 E = Time spent auto-exploring this place.
 F = Levels seen in this place.
 G = Mean time per level.
                   A        B        C        D        E       F      G
               +--------+--------+--------+--------+--------+-----+--------+
         Total |   1386 |   1220 |    166 |      0 |   1077 |   2 |  693.0 |
       Dungeon |   1386 |   1220 |    166 |      0 |   1077 |   2 |  693.0 |
               +--------+--------+--------+--------+--------+-----+--------+

Top non-repeatable levels by time:
     D:1: 1134 daAuts
     D:2: 251 daAuts
